Map: Deathaura LE

Players

Bunny

  • Race: Terran Terran
  • Spawn Location: 5:00

ShoWTimE - Winner!

  • Race: Protoss Protoss
  • Spawn Location: 11:00

Event: StayAtHome Story Cup #3

VOD

Have the link to the VOD?

Description

Time

  • Played on: March 11, 2021, 7:59 a.m.
  • Length: 20:38

All games in this series

Show
View Real Time Build Order
Export as new Build Order

Bunny Terran 

Build Orders: Reaper Expand 

Get SALT Encoding   

  12  0:00  SCV  
  13  0:12  SCV  
  14  0:17  Supply Depot  
  14  0:24  SCV  
  15  0:38  SCV  
  15  0:39  Barracks  
  16  0:42  Refinery  
  16  0:50  SCV  
  17  1:02  SCV  
  18  1:14  SCV  
  19  1:26  Reaper  
  19  1:27  Orbital Command  
  20  1:43  Command Center  
  20  1:47  Supply Depot  
  20  1:52  SCV  
  21  1:58  Marine  
  22  2:04  SCV  
  22  2:07  Factory  
  23  2:12  Refinery  
  23  2:16  SCV  
  24  2:23  Bunker  
  24  2:25  Barracks Reactor  
  24  2:28  SCV  
  25  2:41  SCV  
  26  2:50  Hellion  
  26  2:51  Starport  
  28  2:54  SCV  
  28  2:55  Orbital Command  
  29  3:01  Marine  
  29  3:02  Marine  
  31  3:06  SCV  
  31  3:12  Widow Mine  
  34  3:18  SCV  
  34  3:19  Marine x2  
  36  3:20  SCV  
  36  3:27  Medivac  
  40  3:32  Supply Depot  
  40  3:33  Widow Mine  
  42  3:35  SCV  
  42  3:36  SCV  
  42  3:41  Marine x2  
  46  3:49  Barracks  
  46  3:53  SCV x2  
  48  3:56  Barracks  
  48  3:57  Factory Tech Lab, Starport Tech Lab  
  48  4:05  Refinery, SCV x2, Supply Depot  
  50  4:11  Marine x2  
  50  4:16  Raven  
  54  4:22  Supply Depot  
  54  4:25  Engineering Bay  
  54  4:27  SCV x2  
  54  4:30  Factory Reactor, Marine x2  
  58  4:39  SCV x2  
  56  4:48  Marine x2  
  56  4:50  Stimpack  
  56  4:52  SCV x2, Terran Infantry Weapons Level 1  
  60  4:53  Supply Depot  
  60  4:55  Refinery  
  60  4:56  Marauder  
  62  5:00  Supply Depot  
  62  5:04  SCV x2  
  64  5:09  Marauder, Combat Shield  
  64  5:10  Marine  
  64  5:11  Starport Reactor, Marine  
  68  5:15  Widow Mine  
  68  5:18  SCV  
  68  5:19  Supply Depot  
  68  5:20  SCV  
  72  5:24  Marauder  
  72  5:27  Marine  
  75  5:29  Marine  
  75  5:31  Marauder  
  75  5:33  Widow Mine  
  80  5:36  Widow Mine  
  80  5:37  Supply Depot  
  80  5:41  SCV x2  
  84  5:46  Marine x2  
  84  5:48  Medivac x2  
  88  5:54  Widow Mine  
  90  5:58  Widow Mine  
  90  6:00  Supply Depot  
  90  6:02  Marauder x2  
  90  6:03  Marine  
  95  6:04  Marine  
  95  6:10  Armory  
  96  6:12  Supply Depot  
  96  6:19  SCV x2  
  96  6:20  Medivac x2  
  96  6:25  Widow Mine x2  
  106  6:30  Marauder x2  
  110  6:33  Marine x2  
  110  6:35  Concussive Shells  
  112  6:50  Medivac  
  112  6:51  Medivac  
  116  6:56  Supply Depot x2  
  116  6:57  SCV x2, Command Center  
  118  7:07  Marine  
  118  7:09  Marine  
  118  7:15  Supply Depot  
  117  7:16  SCV  
  117  7:18  Widow Mine x2, SCV, Marauder x2  
  127  7:26  Terran Infantry Armor Level 1  
  127  7:27  Barracks x2  
  125  7:33  Marine x2  
  125  7:36  SCV x2  
  123  7:38  Ghost Academy  
  123  7:39  Marauder x2, Medivac  
  123  7:41  Medivac  
  131  7:45  Widow Mine x2  
  131  7:48  SCV x2  
  137  7:55  Marine x2  
  139  8:02  Marauder  
  141  8:09  Marauder  
  141  8:10  Orbital Command, Supply Depot x2  
  116  8:27  Barracks Reactor, Barracks Tech Lab  
  116  8:28  SCV x2  
  116  8:30  Widow Mine x2  
  123  8:34  Refinery  
  123  8:35  Ghost  
  123  8:36  Refinery, Ghost  
  123  8:37  Marine x2  
  123  8:40  SCV  
  123  8:41  SCV x2  
  128  8:48  Enhanced Shockwaves  
  126  8:50  Ghost  
  126  8:52  SCV  
  126  8:53  SCV x2  
  126  8:54  Widow Mine x2  
  126  8:55  Marine x2  
  137  9:04  Marine x2  
  137  9:05  SCV x3, Viking x2  
  145  9:12  Command Center  
  145  9:15  Widow Mine x2  
  149  9:22  Ghost x2  
  143  9:25  Marine x4  
  143  9:30  Ghost  
  149  9:31  SCV x3  
  150  9:42  Marine  
  150  9:43  Marine x3  
  145  9:51  Marauder  
  145  9:52  Marauder, Medivac x2  
  151  9:55  Widow Mine x2  
  151  9:59  Marauder  
  157  10:00  Marine x3  
  157  10:01  SCV x2, Marine  
  157  10:02  SCV, Terran Infantry Weapons Level 2  
  143  10:16  Marauder  
  143  10:17  Marauder  
  143  10:19  Marine x4  
  143  10:20  Marauder  
  146  10:21  Widow Mine, Medivac  
  146  10:22  Widow Mine, Medivac  
  146  10:23  SCV  
  146  10:24  SCV  
  154  10:34  Planetary Fortress  
  154  10:36  SCV x3  
  154  10:38  Refinery  
  154  10:39  Refinery  
  154  10:40  Marauder  
  154  10:41  Marauder, Marine x2  
  154  10:42  Marauder  
  165  10:44  Marine x2  
  165  10:48  SCV x3  
  170  10:53  Personal Cloaking  
  170  11:04  Ghost  
  170  11:06  Marine, Ghost, Sensor Tower  
  170  11:07  Marine x3  
  178  11:15  Command Center  
  178  11:17  Viking x2  
  182  11:21  Barracks  
  182  11:23  Barracks x2  
  182  11:31  Marauder  
  182  11:32  Missile Turret  
  184  11:33  Marine x4  
  188  11:41  Starport  
  188  11:45  Fusion Core  
  188  11:48  Missile Turret  
  188  11:52  Supply Depot  
  188  11:59  Engineering Bay  
  188  12:06  Viking  
  188  12:07  Terran Ship Weapons Level 1  
  188  12:13  Viking  
  186  12:17  Terran Infantry Armor Level 2, Starport Reactor  
  186  12:19  Missile Turret  
  186  12:22  Command Center  
  186  12:25  Command Center  
  186  12:27  Missile Turret  
  186  12:29  Sensor Tower  
  186  12:33  Command Center  
  186  12:36  Missile Turret  
  182  12:45  Command Center  
  182  12:47  Viking x2  
  186  12:52  Barracks Reactor, Barracks Tech Lab x2, Advanced Ballistics  
  183  13:02  Marauder x3, Marine x2  
  183  13:03  Marine x2  
  183  13:04  Planetary Fortress  
  191  13:08  Viking  
  191  13:09  Viking  
  191  13:12  Ghost x2  
  197  13:16  Nuke  
  197  13:17  SCV  
  200  13:28  Sensor Tower  
  200  13:30  Terran Infantry Weapons Level 3  
  200  13:33  Missile Turret  
  200  13:36  Missile Turret  
  200  13:38  Orbital Command x2  
  200  13:40  Command Center  
  200  13:51  Refinery x2  
  200  13:56  Ghost Academy  
  200  14:00  Ghost Academy  
  200  14:24  Nuke  
  200  14:29  Terran Ship Weapons Level 2  
  181  14:42  Liberator x2  
  181  14:43  Liberator x2  
  191  15:00  Command Center, Missile Turret x2  
  191  15:02  Nuke x2  
  191  15:04  Starport  
  191  15:05  Orbital Command  
  191  15:06  Starport  
  191  15:23  Ghost x3  
  191  15:24  Ghost  
  197  15:45  Terran Infantry Armor Level 3, Sensor Tower, Command Center  
  197  15:46  Command Center  
  197  15:49  Ghost  
  197  16:23  Nuke  
  195  16:30  Barracks Reactor  
  195  16:31  Liberator  
  198  16:46  Ghost x2  
  200  16:50  Terran Ship Weapons Level 3  
  200  16:51  Missile Turret x2  
  182  17:07  Ghost x2  
  170  17:08  Ghost  
  170  17:09  Marine  
  170  17:10  Marine x5  
  178  17:16  Liberator x3  
  178  17:17  Liberator, Viking  
  189  17:46  Marauder x4  
  189  17:47  Marine x4  
  198  17:53  Ghost  
  198  17:54  Marine x2  
  186  17:59  Missile Turret  
  186  18:00  Missile Turret  
  186  18:01  Missile Turret  
  186  18:04  Marine, Missile Turret  
  186  18:05  Marine x2  
  189  18:06  Ghost x3  
  189  18:11  Marauder, Marine  
  181  18:13  Marine x2  
  166  18:21  Liberator x2  
  166  18:22  Marine, Marauder, Liberator  
  166  18:25  Liberator x2  
  179  18:33  Marauder  
  155  18:35  Marauder  
  150  18:45  Ghost x3  
  150  18:47  Sensor Tower  
  150  18:48  Missile Turret  
  156  18:52  Marine x4  
  156  18:53  Marine  
  156  18:54  Marauder, Marine  
  162  18:57  Marauder  
  164  19:04  Liberator x3  
  164  19:08  Viking x2  
  164  19:09  Marine  
  165  19:14  Marauder  
  147  19:18  Marine x6  
  147  19:19  Marine x3  
  153  19:27  Marine  
  143  19:35  Ghost  
  143  19:36  Ghost x2  
  143  19:38  Viking x2  
  153  19:41  Missile Turret  
  153  19:45  Sensor Tower  
  143  20:10  Marine  
  143  20:11  Marine x8  
Show
View Real Time Build Order
Export as new Build Order

ShoWTimE Protoss - Winner!

Build Orders: 1 Gate Expand, Phoenix Opening, Blink Stalkers 

Get SALT Encoding   

  12  0:00  Probe  
  13  0:12  Probe  
  14  0:18  Pylon  
  14  0:24  Probe  
  15  0:36  Gateway  
  15  0:37  Probe (Chrono Boost)  
  16  0:47  Probe (Chrono Boost), Assimilator  
  17  0:52  Probe (Chrono Boost)  
  18  1:03  Probe  
  19  1:15  Probe  
  20  1:23  Cybernetics Core  
  20  1:32  Nexus  
  20  1:35  Probe  
  21  1:43  Pylon  
  21  1:47  Probe  
  21  1:51  Assimilator  
  22  1:59  Adept (Chrono Boost)  
  22  2:00  Probe  
  23  2:04  Warp Gate  
  25  2:12  Probe (Chrono Boost)  
  26  2:22  Sentry  
  29  2:23  Probe (Chrono Boost)  
  29  2:28  Probe (Chrono Boost)  
  30  2:40  Twilight Council  
  30  2:41  Probe (Chrono Boost)  
  31  2:44  Probe (Chrono Boost)  
  31  2:49  Stalker  
  35  2:53  Probe (Chrono Boost)  
  35  2:54  Probe (Chrono Boost)  
  35  2:55  Phoenix  
  35  2:56  Gateway  
  36  2:58  Probe (Chrono Boost)  
  36  3:02  Probe  
  38  3:09  Blink (Chrono Boost), Pylon  
  38  3:10  Probe  
  39  3:14  Probe  
  40  3:22  Probe  
  40  3:26  Probe  
  42  3:29  Assimilator  
  42  3:34  Probe  
  42  3:35  Robotics Facility  
  42  3:38  Probe  
  44  3:47  Probe  
  45  3:51  Probe, Nexus  
  45  3:55  Pylon  
  46  3:59  Probe  
  46  4:02  Stalker  
  49  4:03  Probe  
  49  4:06  Stalker  
  52  4:11  Probe  
  52  4:15  Probe  
  52  4:17  Pylon  
  54  4:23  Probe, Observer  
  56  4:25  Stalker  
  56  4:27  Probe  
  56  4:29  Forge  
  56  4:30  Stalker  
  61  4:35  Probe  
  62  4:39  Probe  
  62  4:43  Phoenix  
  61  4:47  Probe  
  61  4:48  Observer  
  61  4:51  Probe  
  64  4:56  Protoss Ground Weapons Level 1 (Chrono Boost)  
  64  4:57  Charge (Chrono Boost), Pylon  
  64  4:59  Probe  
  65  5:03  Probe  
  65  5:04  Probe  
  68  5:16  Gateway  
  68  5:17  Gateway  
  68  5:18  Gateway  
  68  5:19  Gateway  
  68  5:20  Warp Prism (Chrono Boost)  
  67  5:25  Sentry  
  71  5:30  Gateway  
  71  5:32  Gateway  
  71  5:34  Probe  
  71  5:35  Probe  
  73  5:36  Probe  
  73  5:38  Sentry  
  76  5:43  Shield Battery  
  76  5:46  Shield Battery  
  76  5:47  Probe, Pylon  
  77  5:54  Zealot  
  77  5:55  Probe x2  
  81  5:58  Pylon  
  81  6:02  Immortal (Chrono Boost)  
  81  6:07  Pylon  
  85  6:13  Zealot x4  
  85  6:17  Pylon  
  93  6:19  Stalker  
  93  6:23  Pylon  
  93  6:24  Stalker  
  97  6:28  Zealot x2  
  101  6:35  Immortal  
  105  6:40  Probe x2  
  105  6:41  Probe  
  105  6:44  Templar Archives  
  105  6:46  Assimilator  
  108  6:48  Assimilator  
  108  6:53  Protoss Ground Armor Level 1 (Chrono Boost)  
  108  6:56  Zealot x4  
  108  6:59  Probe x3  
  115  7:12  Warp Prism (Chrono Boost)  
  115  7:19  Photon Cannon  
  115  7:20  Photon Cannon  
  115  7:22  Psionic Storm  
  111  7:24  High Templar x2, Zealot x5  
  125  7:30  Photon Cannon  
  125  7:36  Assimilator  
  125  7:39  Probe x3  
  128  7:48  Zealot x2  
  132  7:52  Photon Cannon  
  132  7:53  Pylon  
  132  7:56  Pylon  
  132  7:57  Pylon  
  132  8:00  Pylon  
  132  8:01  Observer  
  132  8:07  Forge  
  132  8:12  Shield Battery  
  132  8:14  Pylon  
  132  8:17  Zealot x7  
  124  8:28  High Templar  
  124  8:30  Observer  
  127  8:34  Protoss Ground Weapons Level 2 (Chrono Boost)  
  127  8:37  Stalker x5  
  127  8:38  Photon Cannon  
  137  8:42  High Templar  
  139  8:49  Probe  
  139  8:54  Immortal (Chrono Boost)  
  140  8:58  High Templar  
  140  9:02  Pylon  
  144  9:09  High Templar  
  146  9:10  Stalker x2  
  146  9:11  Nexus  
  146  9:16  Pylon  
  138  9:26  Stalker x4  
  138  9:27  Protoss Ground Armor Level 2 (Chrono Boost)  
  126  9:53  Zealot x3  
  126  9:54  Zealot x5  
  142  10:03  Robotics Bay  
  142  10:04  Robotics Facility  
  123  10:15  Warp Prism  
  123  10:19  Probe (Chrono Boost)  
  123  10:20  Probe (Chrono Boost)  
  123  10:21  Probe (Chrono Boost)  
  122  10:23  High Templar  
  122  10:24  High Templar x2  
  122  10:27  Photon Cannon  
  128  10:29  Photon Cannon  
  128  10:30  Shield Battery  
  128  10:32  Probe (Chrono Boost)  
  128  10:33  Probe (Chrono Boost)  
  128  10:34  High Templar, Assimilator  
  128  10:35  Probe (Chrono Boost)  
  134  10:38  Probe (Chrono Boost), Assimilator  
  134  10:42  Probe x2 (Chrono Boost)  
  134  10:43  Probe (Chrono Boost)  
  134  10:44  Probe  
  134  10:48  Colossus (Chrono Boost)  
  148  10:59  Zealot x4  
  148  11:00  Colossus (Chrono Boost)  
  156  11:05  Zealot x3  
  156  11:08  High Templar  
  164  11:13  Extended Thermal Lance  
  164  11:14  Protoss Ground Weapons Level 3 (Chrono Boost)  
  164  11:28  Dark Shrine  
  164  11:30  Zealot x6  
  174  11:33  Colossus (Chrono Boost), Zealot  
  182  11:41  Observer, Protoss Ground Armor Level 3 (Chrono Boost)  
  188  11:49  Immortal (Chrono Boost)  
  188  11:52  High Templar x2  
  188  11:53  Zealot x3  
  196  11:57  Archon  
  196  12:06  Stalker x3  
  200  12:09  Pylon  
  200  12:12  Gateway  
  196  12:16  Gateway  
  196  12:17  Nexus  
  196  12:22  Pylon  
  196  12:29  Photon Cannon  
  196  12:30  High Templar x2  
  196  12:31  Photon Cannon  
  196  12:34  Archon  
  200  12:50  Shadow Stride (Chrono Boost)  
  190  13:03  Disruptor x2 (Chrono Boost)  
  190  13:04  Archon  
  194  13:08  High Templar  
  194  13:09  Photon Cannon  
  194  13:12  Photon Cannon  
  192  13:13  Shield Battery  
  192  13:23  High Templar x2  
  196  13:28  Gravitic Boosters (Chrono Boost)  
  196  13:37  Assimilator  
  196  13:39  Disruptor, Assimilator  
  199  13:57  Protoss Shields Level 1 (Chrono Boost)  
  197  14:07  Observer  
  195  14:11  Dark Templar x2  
  199  14:18  Gravitic Drive  
  197  14:28  Observer  
  197  14:31  Dark Templar x3  
  195  14:42  Dark Templar x3  
  196  14:53  Disruptor x2  
  196  14:54  Photon Cannon  
  196  14:55  Photon Cannon  
  196  14:57  Shield Battery  
  196  14:59  Pylon  
  199  15:00  Stargate  
  199  15:06  Protoss Air Weapons Level 1 (Chrono Boost)  
  199  15:13  Nexus  
  199  15:14  Pylon  
  197  15:29  Disruptor  
  192  15:45  Fleet Beacon  
  192  15:50  Stargate  
  192  15:52  Shield Battery  
  192  15:57  Shield Battery  
  192  15:59  Disruptor, Shield Battery  
  192  16:02  Photon Cannon x2  
  195  16:04  Photon Cannon, Protoss Shields Level 2 (Chrono Boost), Dark Templar x2  
  195  16:08  Photon Cannon, Pylon  
  195  16:09  Pylon  
  195  16:10  Pylon, Nexus  
  199  16:14  Unknown  
  199  16:18  Unknown  
  199  16:19  Pylon  
  199  16:51  Gateway  
  199  16:55  Gateway  
  199  16:58  Gateway  
  199  17:00  Gateway  
  196  17:02  Gateway  
  196  17:03  Gateway  
  196  17:08  Gateway  
  192  17:09  Gateway  
  192  17:10  Stalker x4  
  192  17:13  Stalker x5  
  200  17:18  Stargate  
  194  17:48  Tempest  
  194  17:49  Tempest  
  185  17:55  Stalker x2  
  185  17:56  Stalker x8  
  189  17:59  Stalker  
  189  18:00  Stalker x4  
  161  18:20  Zealot x5  
  161  18:21  Zealot x8  
  161  18:25  Dark Templar x4  
  195  18:27  Disruptor  
  195  18:31  Disruptor  
  185  18:35  Archon  
  185  18:38  Zealot  
  159  18:43  High Templar x2  
  159  18:44  Zealot x8  
  159  18:45  Zealot x3  
  183  19:01  Stalker x5  
  193  19:03  Disruptor  
  193  19:06  Disruptor  
  185  19:16  Zealot x2  
  185  19:17  Zealot x11  
  179  19:22  Archon  
  181  19:31  Stalker x5  
  179  19:38  Disruptor  
  179  19:39  Probe x2  
  179  19:43  Observer, Zealot x3  
  179  19:44  Zealot x2  
  187  20:04  Observer, Dark Templar x3  
  187  20:07  Stalker x3  
  185  20:27  Zealot x10  
Tags
 
Add a new tag
Caveats
  • Supply blocks, unpowered buildings, or Contaminate may cause inaccurate times.
  • Supply counts are checked every 10 seconds.